 Dungeon Crawl Stone Soup version 0.17-a0-2111-ge77a051 (webtiles) character file.

42 Geeful the Ruffian (level 3, 35/35 HPs)
             Began as a Troll Warper on Oct 18, 2015.
             Was a Follower of Nemelex Xobeh.
             Got out of the dungeon alive.
             The game lasted 00:03:37 (1408 turns).

Geeful the Ruffian (Troll Warper)                   Turns: 1408, Time: 00:03:37

Health: 35/35      AC:  5    Str: 19    XL:     3   Next: 33%
Magic:  4/4        EV: 10    Int:  9    God:    Nemelex Xobeh [*.....]
Gold:   45         SH:  0    Dex: 10    Spells: 1 memorised, 3 levels left

rFire  . . .     SeeInvis .       - Unarmed
rCold  . . .     Clarity  .     a - +0 robe
rNeg   . . .     SustAt   .     (no shield)
rPois  .         Gourm    +     (helmet restricted)
rElec  .         Spirit   .     (no cloak)
rCorr  .         Warding  .     (gloves unavailable)
rMut   .         Stasis   .     (boots unavailable)
MR     .....                    (no amulet)
Stlth  +.........               (no ring)
                                (no ring)

@: not resistant to hostile enchantments, very unstealthy
A: unfitting armour, claws 3, fast metabolism 3, gourmand, regeneration 2,
shaggy fur 1, tough skin 2
a: Renounce Religion


You escaped.
You worshipped Nemelex Xobeh.
Nemelex Xobeh was aware of your devotion.
You were completely stuffed.

You visited 1 branch of the dungeon, and saw 2 of its levels.

You collected 45 gold pieces.

Inventory:

Missiles
 d - 5 tomahawks of dispersal (quivered)
Armour
 a - a +0 robe (worn)
Scrolls
 c - a scroll of blinking
 f - a scroll of magic mapping {unknown}
 j - 2 scrolls of enchant weapon {unknown}
 k - a scroll of noise {unknown}
 l - a scroll of remove curse {unknown}
 n - a scroll of identify {unknown}
 o - 2 scrolls of amnesia {unknown}
 q - a scroll of recharging {unknown}
Potions
 g - a potion of curing {unknown}
 h - a potion of heal wounds {unknown}
 i - a potion of degeneration {unknown}
 p - 2 potions of lignification {unknown}
 t - a potion of cancellation {unknown}
Books
 b - a book of Spatial Translocations

   Spells                             Type                      Level
   a - Apportation                    Translocation                1
   b - Blink                          Translocation                2
   c - Shroud of Golubria             Charms/Translocation         2
   d - Portal Projectile              Translocation                3
   e - Teleport Other                 Translocation                3
   f - Passage of Golubria            Translocation                4
Miscellaneous
 u - a plain deck of escape
Comestibles
 e - 4 bread rations
 m - a beef jerky
 r - 6 chunks of flesh
 s - a meat ration


   Skills:
 + Level 1.9 Fighting
 - Level 0.8 Throwing
 + Level 2.3 Dodging
 + Level 2.4 Unarmed Combat
 + Level 1.3 Spellcasting
 + Level 2.4 Translocations


You had 3 spell levels left.
You knew the following spells:

 Your Spells              Type           Power        Failure   Level  Hunger
a - Apportation           Tloc           #.........   14%         1    ##.....


Dungeon Overview and Level Annotations

Branches:
Dungeon (2/15)

Altars:
Nemelex Xobeh


Innate Abilities, Weirdness & Mutations

You are too large for most types of armour.
You have claws for hands.
Your metabolism is lightning-fast.
You like to eat raw meat.
You heal very quickly.
You are covered in fur (AC +1).
You have very tough skin (AC +2).


Message History

Nemelex Xobeh says: It's all in the cards!
Press ? for a list of commands and other information.
(D) Dungeon
Where to? (? - help) Eating one of 10 chunks of flesh.
This raw flesh tastes great.
You continue eating. x2
You see here a club.
A worm comes into view.
The worm moves out of view.
(D) Dungeon
Where to? (Enter - D:1, ? - help)
There is a stone staircase leading up here.
You climb upwards.
There is a stone staircase leading down here.
Some of the chunks of flesh in your inventory have rotted away.
You see here a short sword.
There is an open door here.
There is a staircase leading out of the dungeon here.
Are you sure you want to leave the Dungeon?
This will make you lose the game!
You have escaped!

#.############# #
####.# ###....#
###...#..###
###...##.....###
##...###........#
#..#####.++'+++.#
#.)......'....+.#
#)######.+.@..+.#
#.## #.+....+.#
#..# #.+....+.#
#..## ##.+++'++.#
#...# #.........#
#.#.# #.####....#
#.#.# #.# ###..#
#.#.# #.# #.##
#.#.# #.# #.#


There were no monsters in sight!

Vanquished Creatures
  3 giant geckos (D:1)
  5 goblins
  4 hobgoblins
  11 jackals
  A quokka (D:2)
  4 bats (D:2)
  2 giant cockroaches (D:1)
  A giant newt (D:1)
  A kobold (D:1)
  2 rats (D:1)
34 creatures vanquished.

Notes
Turn   | Place    | Note
--------------------------------------------------------------
     0 | D:1      | Geeful the Troll Warper began the quest for the Orb.
     0 | D:1      | Reached XP level 1. HP: 19/19 MP: 1/1
   487 | D:1      | Reached XP level 2. HP: 27/27 MP: 2/2
  1140 | D:2      | Reached XP level 3. HP: 31/35 MP: 4/4
  1191 | D:2      | Found a faded altar to an unknown god.
  1238 | D:2      | Became a worshipper of Nemelex Xobeh the Trickster
  1238 | D:2      | Received a gift from Nemelex Xobeh
  1238 | D:2      | Reached * piety under Nemelex Xobeh
  1296 | D:2      | Upgraded the game from 0.17-a0-2105-gad05798 to 0.17-a0-2111-ge77a051
  1408 | D:$      | Got out of the dungeon alive.

Vault maps used:
D:1:      lightli_arrival_maybe_door_vault, minmay_misc_feat_room
D:2:      ecumenical_altar_2, uniq_crazy_yiuf_cottage

Action                   || total
-------------------------++-------
Melee: Unarmed           ||    94
  Eat: Chunk             ||    18
